 Dungeon Sprint DCSS version 0.25-a0-681-gdf4e720381 (webtiles) character file.

Game seed: 12324037148222335041, levelgen mode: deterministic

4 MordorOrchid the Chiller (level 1, -5/21 HPs)
             Began as an Octopode Ice Elementalist on Mar 30, 2020.
             Slain by a sky beast (6 damage)
             ... in the Dungeon (Sprint IX: "|||||||||||||||||||||||||||||").
             The game lasted 00:01:33 (207 turns).

MordorOrchid the Chiller (Octopode Ice Elementalist) Turns: 207, Time: 00:01:33

Health: -5/21      AC:  1    Str:  7    XL:     1   Next: 70%
Magic:  0/3        EV: 14    Int: 17    God:
Gold:   0          SH:  0    Dex: 12    Spells: 3/4 levels left

rFire    . . .     SeeInvis .   a - +0 short sword
rCold    . . .     Gourm    .   (no shield)
rNeg     . . .     Faith    .   (helmet restricted)
rPois    .         Spirit   .   (no amulet)
rElec    .         Reflect  .   (no ring)
rCorr    .         Harm     .   (no ring)
MR       .....     NoTele   +   (no ring)
Stlth    ..........             (no ring)
HPRegen  0.07/turn              (no ring)
MPRegen  0.08/turn              (no ring)
                                (no ring)
                                (no ring)

@: berserking, hasted, very quick
A: almost no armour, stealthy swim, amphibious, 8 rings, constrict 8, camouflage
1, gelatinous body 1
a: no special abilities


You were in the Dungeon.
You were not hungry.

You visited 1 branch

Inventory:

Hand Weapons
 a - a +0 short sword (weapon)
Scrolls
 h - a scroll of blinking
Potions
 c - a potion of curing
 f - 2 potions of magic
Comestibles
 b - a ration
 i - a chunk of flesh


   Skills:
 * Level 1.8 Fighting
 * Level 2.7 Dodging
 - Level 3.0 Stealth
 + Level 2.3 Spellcasting
 + Level 4.0 Ice Magic


You had 3 spell levels left.
You knew the following spells:

 Your Spells              Type           Power        Failure   Level  Hunger
a - Freeze                Ice            ###.         3%          1    #......

Your spell library contained the following spells:

 Spells                   Type           Power        Failure   Level  Hunger
 Frozen Ramparts          Ice            ###...       11%         3    ###....
 Ozocubu's Armour         Chrm/Ice       #.......     24%         3    ###....
 Hailstorm                Conj/Ice       #.......     63%         4    #####..
 Summon Ice Beast         Ice/Summ       #.......     63%         4    #####..


Dungeon Overview and Level Annotations

Branches:
Dungeon (1/1)

Altars:


Innate Abilities, Weirdness & Mutations

You cannot wear most types of armour.
You are very stealthy in the water. (Stealth+)
You are amphibious.
You can wear up to eight rings at the same time.
You can use your tentacles to constrict eight enemies at once.
Your skin changes colour to match your surroundings (Stealth+).
Your rubbery body absorbs attacks. (AC +1, EV +1)


Message History

a +0 club; a stone; a rat skeleton; a kobold corpse You feel much better.
A red film seems to cover your vision as you go berserk!
You feel yourself moving faster!
You feel mighty! The sky beast hits you. The sky beast shocks you.
You miss the sky beast. Your squeeze misses the sky beast.
The sky beast is heavily wounded.
You barely miss the sky beast.
The sky beast is heavily wounded.
The sky beast flickers out of sight!
Deactivating autopickup; reactivate with Ctrl-A.
Something hits you. Something shocks you.
* * * LOW HITPOINT WARNING * * *
You closely miss something. You squeeze something.
Something hits you but does no damage.
You miss something. You closely miss something. Something hits you.
* * * LOW HITPOINT WARNING * * *
Something shocks you.
You die...

▓.▓
▓.▓
▓.▓
▓Z▓
▓Y▓
▓Z▓
▓o▓
▓{▓
▓@▓
▓'▓
▓.▓
▓.▓
▓.▓
▓<▓
▓▓▓


You could see an ice beast, an orc and 2 bat zombies.

Vanquished Creatures
  A hobgoblin (D)
  A frilled lizard (D)
  2 kobolds (D)
  A rat (D)
5 creatures vanquished.

Notes
Turn   | Place    | Note
-------+----------+-------------------------------------------
     0 | D        | MordorOrchid the Octopode Ice Elementalist began the quest
                  | for the Orb.
     0 | D        | Reached XP level 1. HP: 11/11 MP: 3/3
    14 | D        | Reached skill level 1 in Fighting
   193 | D        | Noticed an ice beast
   193 | D        | Noticed a sky beast
   207 | D        | HP: 1/21 [something (3)]
   207 | D        | Slain by a sky beast

Levels and vault maps discovered:
D:        linesprint [early_d, line_temple, items_1, d_10, items_2, lair_1,
          lair_end, items_3, orc_1, orc_end, items_4, d_15, swamp_1, shoals_1,
          snake_1, spider_1, d_20, vaults_1, items_5, swamp_end, shoals_end,
          snake_end, spider_end, vaults_end, d_27, items_6, zot_1, zot_end,
          crypt_end, forest_end, elf_end, slime_end, tomb_end, abyss_end,
          pan_hell_end]

Skill      XL: |  1 |
---------------+----+-----
Fighting       | 1 |  1.8
Stealth        | 3 |  3.0
Dodging        | |  2.7
Spellcasting   | |  2.3
Ice Magic      | |  4.0

Action                   || total
-------------------------++-------
Melee: Unarmed           ||    14
       Short sword       ||     5
       Tentacles         ||     2
       Constrict         ||     1
 Cast: Freeze            ||     7
  Use: Potion            ||     3
Armor: Skin              ||     1
Dodge: Dodged            ||    11

Table legend:
 A = Non-vault XP
 B = Vault XP
 C = Vault XP percentage of total XP
 D = Non-vault monster count
 E = Vault monster count
 F = Vault count percentage of total count
                 A         B        C        D         E       F
            +---------+---------+-------+---------+---------+-------
      Total |       0 |       7 | 100.0 |       0 |       5 | 100.0
            +---------+---------+-------+---------+---------+-------
          D |       0 |       7 | 100.0 |       0 |       5 | 100.0
            +---------+---------+-------+---------+---------+-------
